Map: Eternal Empire LE

Players

TSGTYTY (TY) - Winner!

  • Race: Terran Terran
  • League: Grandmaster
  • Spawn Location: 1:00

soO

  • Race: Zerg Zerg
  • Spawn Location: 7:00

VOD

Have the link to the VOD?

Description

Time

  • Played on: Jan. 9, 2020, 7:45 a.m.
  • Length: 22:25
Show
View Real Time Build Order
Export as new Build Order

TSGTYTY Terran - Winner!

Build Orders: Reaper Expand, Mech 

Get SALT Encoding   

  12  0:00  SCV  
  13  0:12  SCV  
  14  0:17  Supply Depot  
  14  0:25  SCV  
  15  0:38  SCV  
  15  0:40  Barracks  
  16  0:43  Refinery  
  16  0:50  SCV  
  17  1:03  SCV  
  18  1:15  SCV  
  19  1:26  Reaper  
  19  1:27  Orbital Command  
  20  1:41  Command Center  
  20  1:52  Supply Depot  
  20  1:53  SCV  
  21  1:58  Marine  
  22  2:05  Factory  
  22  2:08  SCV  
  23  2:20  Barracks Reactor  
  23  2:21  SCV  
  24  2:33  SCV  
  25  2:43  Command Center  
  25  2:45  SCV  
  26  2:54  Orbital Command  
  26  2:57  SCV  
  27  3:03  Starport  
  27  3:09  SCV  
  27  3:10  Refinery  
  28  3:12  Marine  
  28  3:14  Marine  
  30  3:20  SCV  
  30  3:21  SCV  
  32  3:32  SCV  
  32  3:33  SCV  
  34  3:36  Hellion x2  
  38  3:45  SCV x2, Fusion Core  
  40  3:49  Marine  
  40  3:53  Starport Tech Lab  
  41  3:57  SCV, Supply Depot, Hellion  
  41  3:59  Orbital Command  
  41  4:01  SCV  
  45  4:09  SCV  
  46  4:11  Refinery  
  46  4:13  SCV  
  46  4:16  Refinery  
  47  4:21  SCV  
  48  4:25  SCV  
  48  4:26  SCV  
  50  4:33  SCV  
  50  4:38  SCV x2, Hellion x2  
  57  4:40  Supply Depot  
  57  4:45  Battlecruiser  
  63  4:47  SCV  
  63  4:49  Orbital Command  
  63  4:50  SCV  
  65  4:58  Supply Depot  
  65  4:59  SCV  
  66  5:00  Hellion  
  66  5:02  SCV  
  66  5:04  Weapon Refit  
  69  5:11  SCV, Factory  
  70  5:14  SCV  
  70  5:17  SCV  
  70  5:20  Factory  
  72  5:23  SCV  
  72  5:25  Hellion x2  
  72  5:26  SCV  
  78  5:29  SCV  
  78  5:33  Supply Depot  
  80  5:35  SCV  
  80  5:38  SCV, Supply Depot  
  80  5:41  SCV  
  80  5:42  Supply Depot x2  
  82  5:47  SCV, Hellion  
  85  5:50  SCV  
  85  5:54  SCV  
  85  5:55  Hellion  
  88  5:59  SCV  
  88  6:00  Battlecruiser  
  88  6:02  SCV  
  96  6:05  Factory Tech Lab x2  
  96  6:06  SCV  
  96  6:11  Refinery, Hellion  
  99  6:12  SCV  
  99  6:14  SCV  
  99  6:16  Hellion  
  103  6:19  Supply Depot  
  103  6:20  SCV, Supply Depot, Refinery  
  103  6:24  SCV  
  105  6:26  SCV  
  105  6:30  Siege Tank x2  
  112  6:35  SCV  
  112  6:36  SCV, Engineering Bay  
  114  6:46  SCV  
  113  6:47  SCV  
  113  6:48  Supply Depot  
  111  6:57  Mag-Field Accelerator, Command Center  
  111  7:00  SCV  
  114  7:01  Armory  
  114  7:02  Armory, Siege Tank  
  113  7:10  Battlecruiser  
  113  7:15  Missile Turret  
  117  7:18  Hellion x2  
  117  7:21  Siege Tank  
  124  7:26  Missile Turret  
  124  7:28  SCV x3  
  127  7:32  Missile Turret  
  127  7:37  Hellion x7  
  127  7:38  Factory  
  127  7:40  SCV, Factory  
  127  7:41  SCV  
  123  7:44  SCV  
  124  7:53  SCV  
  124  7:54  Cyclone  
  124  7:55  Cyclone, Hellion  
  124  7:56  Hellion  
  135  8:00  SCV x2  
  135  8:05  SCV  
  138  8:06  Terran Vehicle Weapons Level 1  
  138  8:07  Terran Vehicle And Ship Armor Level 1  
  138  8:10  Missile Turret  
  138  8:11  Missile Turret  
  136  8:15  Supply Depot x2  
  136  8:19  Battlecruiser  
  142  8:24  Factory Reactor, Factory Tech Lab  
  142  8:28  Hellion x2  
  142  8:29  Cyclone  
  142  8:30  SCV x2  
  151  8:35  Planetary Fortress  
  151  8:40  Cyclone  
  153  8:43  Missile Turret  
  153  8:44  SCV x2, Missile Turret  
  148  9:00  SCV  
  147  9:03  SCV  
  147  9:07  Missile Turret  
  147  9:08  Missile Turret, Cyclone x2  
  150  9:15  Hellion x3, Unknown  
  150  9:16  Cyclone  
  159  9:19  SCV  
  159  9:20  SCV  
  159  9:22  SCV  
  162  9:25  SCV  
  162  9:29  Hellion  
  162  9:30  Battlecruiser  
  169  9:31  Command Center  
  169  9:35  Infernal Pre-Igniter  
  169  9:37  SCV  
  168  9:39  Hellion  
  168  9:40  Hellion x2  
  170  9:46  Cyclone, Hellion  
  170  10:01  Command Center  
  170  10:03  Cyclone  
  170  10:04  Hellion  
  170  10:05  Terran Vehicle Weapons Level 2, Terran Vehicle And Ship Armor Level 2  
  172  10:16  Supply Depot  
  172  10:17  Supply Depot  
  172  10:22  Barracks  
  172  10:27  Hellion  
  172  10:38  Hellion  
  172  10:39  Hellion x2  
  172  10:41  Siege Tank x3  
  184  10:45  Sensor Tower  
  184  10:56  Starport Reactor  
  186  10:57  Hellion  
  186  10:59  Advanced Ballistics  
  186  11:00  Hellion  
  188  11:15  Refinery  
  188  11:16  Siege Tank x3  
  197  11:20  Sensor Tower  
  197  11:21  Factory  
  197  11:22  Refinery  
  197  11:24  Sensor Tower, Factory  
  197  11:25  Planetary Fortress  
  197  11:27  Hellion  
  199  11:42  Command Center  
  199  11:45  Smart Servos, Command Center  
  199  11:46  Command Center  
  199  11:49  Liberator x2  
  199  11:53  Planetary Fortress  
  189  12:08  Missile Turret  
  195  12:10  Missile Turret  
  195  12:13  Siege Tank x2  
  195  12:14  Factory Tech Lab x2  
  190  12:24  SCV, Thor  
  190  12:25  SCV x2  
  190  12:27  SCV  
  198  12:35  Terran Vehicle Weapons Level 3, Liberator  
  198  12:37  SCV x3  
  194  12:41  Thor  
  194  12:43  Hellion  
  194  12:44  SCV  
  193  12:49  SCV x3  
  196  12:56  SCV  
  200  13:11  Refinery  
  200  13:12  Refinery, Terran Vehicle And Ship Armor Level 3, Liberator  
  200  13:14  Orbital Command x3  
  192  13:44  Starport  
  192  13:45  Starport  
  192  13:46  Thor x3  
  200  13:49  Liberator  
  200  13:50  Thor  
  200  13:55  Liberator  
  200  14:05  Hellion  
  200  14:06  Hellion x2  
  197  14:14  Sensor Tower  
  191  14:26  Missile Turret  
  191  14:27  Thor, Missile Turret  
  191  14:31  Starport Reactor x2  
  197  14:32  Liberator  
  197  14:36  Command Center  
  197  14:42  Neosteel Armor  
  197  14:52  Liberator  
  191  15:02  Thor x3  
  191  15:04  Thor  
  197  15:12  Terran Ship Weapons Level 1  
  200  15:17  Liberator x2  
  199  15:37  Missile Turret  
  199  15:38  Missile Turret  
  199  15:53  Command Center  
  193  16:14  Thor x2  
  193  16:16  Thor  
  199  16:27  Sensor Tower  
  199  16:29  Missile Turret  
  199  16:34  Liberator x5  
  199  16:36  Command Center  
  199  16:39  Missile Turret x2  
  196  16:41  Missile Turret  
  196  16:42  Liberator  
  179  16:53  Siege Tank x2  
  193  16:57  Siege Tank  
  193  17:00  Missile Turret  
  187  17:09  Thor x2  
  187  17:10  Hellion  
  173  17:19  Hellion  
  173  17:20  Hellion x2  
  167  17:23  Liberator x2  
  167  17:26  Hellion x2  
  167  17:29  Terran Ship Weapons Level 2  
  164  17:33  Command Center  
  164  17:39  Hellion, Siege Tank  
  164  17:41  Hellion x2  
  179  17:47  Siege Tank x2  
  185  17:56  Hellion  
  187  18:12  Siege Tank x2  
  193  18:13  Siege Tank  
  193  18:14  Hellion x2  
  193  18:16  Liberator x3  
  200  18:24  Command Center  
  181  18:44  Viking x3  
  166  18:48  Orbital Command  
  163  18:57  Planetary Fortress  
  163  19:12  SCV x3  
  163  19:14  Viking x3  
  174  19:21  Planetary Fortress  
  174  19:22  Sensor Tower  
  174  19:23  Missile Turret  
  178  19:29  Thor  
  180  19:31  Thor x3  
  180  19:38  Sensor Tower  
  196  19:40  Viking x2  
  200  19:49  Orbital Command  
  178  20:01  Thor  
  183  20:12  Thor, Orbital Command  
  186  20:15  Missile Turret  
  186  20:17  Orbital Command  
  186  20:19  Planetary Fortress  
  186  20:21  Refinery, Unknown  
  185  20:26  Siege Tank x3  
  185  20:27  Missile Turret, Refinery  
  194  20:37  Missile Turret  
  194  20:41  Command Center  
  190  20:50  Missile Turret, Viking  
  190  20:51  Viking x2  
  196  21:05  Missile Turret  
  196  21:10  Sensor Tower  
  196  21:15  Missile Turret  
  185  21:52  Viking x4  
  185  21:53  Viking  
  173  21:58  Orbital Command  
  171  22:02  Hellion x2  
  171  22:03  Hellion  
Show
View Real Time Build Order
Export as new Build Order

soO Zerg 

Build Orders: Hatch First, Muta Ling Bane 

Get SALT Encoding   

  12  0:00  Drone  
  13  0:12  Overlord  
  13  0:16  Drone  
  14  0:30  Drone x2  
  16  0:47  Hatchery  
  15  0:50  Drone  
  15  0:54  Drone  
  17  0:57  Drone  
  18  1:07  Extractor  
  17  1:13  Spawning Pool  
  17  1:16  Drone  
  17  1:20  Drone  
  18  1:27  Drone  
  19  1:38  Drone  
  20  1:50  Overlord  
  20  1:59  Queen  
  20  2:01  Zergling x4, Queen  
  26  2:12  Drone x2  
  28  2:22  Metabolic Boost  
  28  2:24  Drone  
  28  2:26  Drone  
  30  2:37  Queen  
  30  2:39  Queen, Overlord  
  30  2:43  Drone  
  35  2:44  Drone  
  36  3:00  Hatchery  
  36  3:04  Drone x3  
  38  3:07  Drone  
  38  3:10  Drone  
  38  3:11  Drone  
  41  3:13  Drone  
  41  3:18  Overlord  
  41  3:19  Drone  
  43  3:22  Drone  
  44  3:32  Overlord  
  44  3:36  Drone x2  
  46  3:41  Drone  
  46  3:42  Queen  
  49  3:49  Drone  
  49  3:50  Drone x2  
  49  3:54  Drone x4  
  56  3:59  Extractor  
  56  4:01  Drone  
  56  4:02  Drone  
  57  4:08  Overlord  
  57  4:10  Lair  
  57  4:12  Drone, Baneling Nest  
  57  4:15  Drone x2, Queen  
  61  4:26  Zergling x6  
  61  4:27  Overlord  
  61  4:28  Drone  
  64  4:32  Drone x4  
  68  4:38  Drone x2, Queen  
  72  4:46  Drone x4  
  72  4:48  Spore Crawler  
  72  4:49  Spore Crawler  
  72  4:52  Spore Crawler  
  73  4:54  Zergling x6  
  73  4:56  Drone  
  73  4:57  Drone x2  
  78  5:03  Drone  
  78  5:05  Drone x2  
  81  5:07  Extractor, Drone  
  81  5:08  Extractor  
  81  5:10  Overlord  
  81  5:11  Overseer  
  81  5:12  Drone  
  81  5:13  Centrifical Hooks  
  81  5:16  Extractor  
  81  5:17  Extractor  
  81  5:18  Drone x2  
  81  5:19  Overlord  
  81  5:24  Overlord  
  81  5:34  Spire, Drone x4  
  84  5:39  Drone x3  
  87  5:46  Zergling x8  
  91  6:00  Zergling x6  
  92  6:06  Drone x2  
  93  6:11  Drone x2  
  93  6:12  Drone  
  93  6:14  Overlord  
  93  6:15  Drone, Roach Warren  
  93  6:16  Drone  
  93  6:18  Drone  
  98  6:20  Overlord  
  98  6:24  Overlord  
  96  6:28  Hatchery  
  96  6:29  Drone x3  
  96  6:32  Drone  
  96  6:33  Drone x2  
  98  6:41  Drone x3  
  98  6:43  Evolution Chamber  
  98  6:45  Evolution Chamber  
  97  6:47  Drone  
  97  6:49  Drone x3  
  97  6:50  Drone  
  98  6:56  Corruptor x5  
  98  6:58  Glial Reconstitution  
  108  7:06  Roach x3  
  112  7:11  Hatchery  
  112  7:14  Corruptor x2  
  112  7:15  Corruptor  
  117  7:17  Baneling x4  
  117  7:21  Mutalisk x2  
  120  7:25  Overlord  
  120  7:26  Overlord  
  120  7:28  Overlord  
  120  7:34  Zerg Melee Weapons Level 1, Zerg Missile Weapons Level 1  
  120  7:37  Zerg Flyer Weapons Level 1  
  120  7:43  Hatchery  
  117  7:46  Mutalisk x2  
  117  7:47  Mutalisk x2  
  125  7:55  Drone x5  
  131  8:04  Mutalisk x3  
  137  8:05  Hatchery  
  137  8:06  Drone x4  
  137  8:07  Drone x2  
  142  8:17  Roach x2  
  146  8:20  Overlord  
  146  8:26  Unknown  
  145  8:33  Overseer, Drone x2  
  147  8:34  Infestation Pit  
  147  8:36  Extractor  
  147  8:37  Evolution Chamber  
  147  8:40  Extractor, Roach x7  
  143  9:03  Corruptor x4  
  149  9:10  Drone x6  
  149  9:11  Drone x3  
  149  9:14  Hive  
  149  9:15  Zerg Ground Armor Level 1  
  149  9:16  Corruptor  
  160  9:18  Zergling x12  
  160  9:19  Overlord x2  
  160  9:22  Overlord  
  166  9:31  Overlord  
  165  9:39  Drone x3  
  168  9:47  Hatchery  
  168  9:49  Hatchery  
  168  9:51  Ravager  
  167  9:53  Hatchery  
  167  9:59  Zergling x6  
  167  10:00  Zergling x14  
  167  10:04  Zerg Melee Weapons Level 2, Zerg Missile Weapons Level 2  
  167  10:10  Infestor x3  
  173  10:20  Spine Crawler  
  172  10:22  Spine Crawler  
  172  10:26  Adrenal Glands  
  171  10:29  Ultralisk Cavern  
  171  10:30  Zergling x22  
  181  10:40  Ravager, Baneling x7  
  181  10:41  Ravager x2  
  182  10:56  Hatchery  
  181  10:59  Overlord  
  181  11:00  Corruptor x6, Overlord  
  193  11:09  Baneling  
  193  11:10  Baneling x6  
  193  11:15  Overlord  
  192  11:22  Ravager x3  
  192  11:25  Burrow  
  195  11:27  Chitinous Plating  
  194  11:33  Extractor  
  193  11:44  Neural Parasite  
  193  11:50  Drone  
  192  11:59  Roach x6  
  200  12:02  Hatchery  
  179  12:18  Zergling x8, Roach x8  
  194  12:31  Zergling x10  
  193  12:46  Zergling x12, Anabolic Synthesis, Baneling x3  
  193  12:50  Baneling x11  
  193  12:51  Zerg Missile Weapons Level 3, Baneling, Zerg Melee Weapons Level 3, Zerg Ground Armor Level 2  
  195  12:59  Ravager x4  
  199  13:06  Spire  
  199  13:07  Drone  
  186  13:40  Zergling x8, Ultralisk x2  
  194  13:51  Ravager  
  191  14:10  Ultralisk  
  191  14:11  Zergling x6  
  194  14:25  Greater Spire  
  194  14:28  Zergling x12  
  199  14:38  Hatchery  
  185  15:00  Extractor  
  185  15:02  Spine Crawler  
  185  15:03  Extractor  
  185  15:06  Spine Crawler x2  
  139  15:09  Ultralisk x3  
  139  15:10  Zergling x34  
  139  15:13  Zergling x2  
  139  15:14  Zergling x26  
  174  15:18  Infestor x3  
  174  15:19  Infestor  
  182  15:25  Infestor x3  
  182  15:28  Viper x3  
  188  15:33  Baneling x8  
  197  15:40  Zerg Flyer Weapons Level 2  
  197  15:47  Baneling x9  
  197  15:48  Baneling x7  
  197  15:49  Baneling x5  
  195  15:52  Zerg Ground Armor Level 3  
  193  16:03  Hatchery  
  180  16:24  Corruptor x3, Hatchery  
  180  16:25  Corruptor  
  187  16:32  Zergling x24  
  198  16:40  Zergling x2  
  186  16:52  Zergling x16, Ultralisk x3  
  182  17:14  Infestor x2  
  149  17:24  Zergling x24, Ultralisk x4  
  149  17:25  Zergling x4  
  176  17:30  Infestor x2  
  180  17:43  Brood Lord  
  180  17:44  Brood Lord x5  
  188  17:48  Brood Lord  
  188  17:51  Baneling x3  
  194  17:55  Drone x3, Unknown  
  196  18:03  Brood Lord  
  195  18:08  Drone  
  180  18:28  Drone x2  
  171  18:56  Drone x3  
  171  19:01  Ultralisk x3  
  171  19:02  Zergling x16  
  193  19:18  Brood Lord x3  
  199  19:25  Hatchery, Baneling  
  199  19:26  Baneling x3  
  198  19:34  Zerg Flyer Weapons Level 3  
  179  19:56  Corruptor x8  
  179  19:57  Corruptor x2  
  194  20:07  Zergling x10  
  198  20:27  Baneling  
  198  20:28  Baneling x9  
  198  20:40  Drone  
  199  20:48  Unknown  
  198  20:55  Hatchery  
  197  21:10  Queen  
  199  21:14  Spore Crawler  
  199  21:15  Spine Crawler  
  199  21:16  Spine Crawler  
  199  21:17  Viper  
  93  21:55  Zergling x24  
Tags
 
Add a new tag
Caveats
  • Supply blocks, unpowered buildings, or Contaminate may cause inaccurate times.
  • Supply counts are checked every 10 seconds.